 Dungeon Crawl Stone Soup version 0.31-a0-819-gf6de2f5ab6 (webtiles) character file.

Game seed: 11738536145627377683

5983 qw the Skirmisher (level 10, -1/64 HPs)
             Began as a Gargoyle Hunter on Sept 23, 2023.
             Was an Elder of Okawaru.
             Slain by a killer bee (5 damage)
             ... on level 9 of the Dungeon.
             The game lasted 00:03:25 (7084 turns).

qw the Skirmisher (Gargoyle Hunter)                 Turns: 7084, Time: 00:03:26

Health: -1/64      AC: 22    Str: 16    XL:     10   Next: 85%
Magic:  14/15      EV: 15    Int:  9    God:    Okawaru [****..]
Gold:   275        SH:  0    Dex: 17    Spells: 9/9 levels left

rFire   . . .        s - +0 orcbow
rCold   . . .        (shield currently unavailable)
rNeg    + . .        j - +0 ring mail
rPois   inf          r - +2 helmet
rElec   +            l - +0 cloak
rCorr   .            p - +0 pair of gloves
SInv    .            c - +0 pair of boots
Will    .....        n - amulet of faith
Stlth   +++          (no ring)
HPRegen 0.30/turn    (no ring)
MPRegen 0.14/turn

%: faith
@: heroic, marked
A: sickness immunity, AC +7, negative energy resistance 1, electricity
resistance, torment resistance 1, petrification resistance
a: Renounce Religion, Heroism, Finesse


You were on level 9 of the Dungeon.
You worshipped Okawaru.
Okawaru was greatly pleased with you.
You visited 2 branches of the dungeon, and saw 10 of its levels.

You collected 499 gold pieces.
You spent 224 gold pieces at shops.


Innate Abilities, Weirdness & Mutations

You are immune to sickness and miasma.
Your stone body is resilient. (AC +7)
You are immune to poison.
You resist negative energy. (rN+)
You are resistant to electric shocks. (rElec)
You are resistant to unholy torment.
You are immune to petrification.


   Skills:
 - Level 8.0(13.0) Fighting
 + Level 12.1(17.1) Ranged Weapons
 - Level 5.1(10.1) Armour
 - Level 3.0(8.0) Dodging
 - Level 1.1(6.1) Stealth
 + Level 6.7 Invocations


You had 9 spell levels left.
You didn't know any spells.
Your spell library was empty.

Inventory:

Hand Weapons
 s - a +0 orcbow (weapon)
Armour
 c - a +0 pair of boots (worn)
 j - a +0 ring mail (worn)
 l - a +0 cloak (worn)
 p - a +0 pair of gloves (worn)
 r - a +2 helmet (worn)
Jewellery
 d - an amulet of regeneration
 n - an amulet of faith (around neck)
Scrolls
 k - a scroll of poison {unknown}
 q - 2 scrolls of identify
Potions
 a - a potion of resistance
 b - a potion of degeneration {unknown}
 e - a potion of mutation
 f - a potion of cancellation
 g - a potion of enlightenment {unknown}
 i - 3 potions of might
 m - a potion of haste {unknown}
 o - a potion of lignification {unknown}
 t - a potion of invisibility {unknown}
 u - a potion of curing

Dungeon Overview and Level Annotations

Branches:
Dungeon (9/15)             Temple (1/1) D:4
   Lair: D:8-11         Orc: D:9-12

Altars:
Ashenzari
Cheibriados
Dithmenos
Elyvilon
Fedhas
Kikubaaqudgha
Makhleb
Nemelex Xobeh
Okawaru
Qazlal
Sif Muna
Trog
Uskayaw
Vehumet
Wu Jian
Xom
Yredelemnul
Zin

Shops:
D:6 :[


Message History

The arrow hits the killer bee!
You kill the killer bee!
Okawaru accepts your kill.
You feel like a meek peon again. Harold hits you but does no damage.
7075 ||| INVOKING Heroism.
You gain the combat prowess of a mighty hero.
Harold casts a spell at you. The mark upon you grows brighter.
You shoot an arrow. The arrow hits Harold.
Harold is heavily wounded.
Harold closely misses you.
You shoot an arrow. The arrow barely misses Harold.
The arrow barely misses the killer bee.
Harold hits you but does no damage.
You shoot an arrow. The arrow hits Harold.
Harold is severely wounded.
You shoot an arrow.
The arrow hits Harold but does no damage.
Harold is severely wounded.
Harold hits you but does no damage.
You shoot an arrow. The arrow hits Harold.
Harold is severely wounded.
Harold hits you with a +3 dire flail of protection.
You shoot an arrow.
The arrow hits Harold but does no damage.
Harold is severely wounded.
Harold casts a spell at you.
You barely resist. You shoot an arrow.
The arrow hits Harold but does no damage.
Harold is severely wounded.
You shoot an arrow. The arrow hits Harold!
Harold is almost dead.
Harold hits you with a +3 dire flail of protection!
You shoot an arrow. The arrow hits Harold!!
You kill Harold!
Okawaru is honoured by your kill. The killer bee stings you.
You die...

######.#.####...#.....
#........###.....##..#
###.#####..............#
.. ...##.####.....#####
.###.##.##.# ##...## #
.@y......#.# #...# #
##.#....yy.# #...# ##
#####y### #...# #. #@#
#...# #.
#.#######...#####.
#.#.........<.....
#.................
###.............(.
#######...######
#.....%.# #.#...#.#
#.#...#.####


You could see 3 killer bees.

Vanquished Creatures
  Harold (D:9)
  A cyclops (D:7)
  2 hornets
  A wraith (D:9)
  6 yaks (D:9)
  2 acid dragons
  A water moccasin (D:6)
  An orc warrior (D:8)
  2 sky beasts (D:7)
  4 black bears
  6 ice beasts
  2 ogres (D:6)
  5 centaurs
  A kobold brigand (D:8)
  A phantom (D:5)
  2 bullfrogs
  5 scorpions
  5 wights (D:8)
  9 killer bees
  A howler monkey (D:8)
  2 hounds (D:6)
  4 orc priests
  A jelly (D:7)
  8 iguanas
  2 sleepcaps
  Terence (D:3)
  7 orc wizards
  Robin (D:4)
  6 gnolls
  7 adders
  2 shadow imps
  2 white imps
  2 ufetubi (D:5)
  2 worms
  3 dart slugs
  24 orcs
  2 endoplasms (D:1)
  2 giant cockroaches
  11 goblins
  10 hobgoblins
  2 jackals (D:2)
  11 kobolds
  3 quokkas
  11 ball pythons
  4 bats
  3 frilled lizards
  6 rats
197 creatures vanquished.

Vanquished Creatures (others)
  An orc (D:8)
1 creature vanquished.

Grand Total: 198 creatures vanquished

Notes
Turn   | Place    | Note
-------+----------+-------------------------------------------
     0 | D:1      | qw the Gargoyle Hunter began the quest for the Orb.
     0 | D:1      | Reached XP level 1. HP: 12/12 MP: 1/1
     0 | D:1      | 0 ||| qw: Version: 0.3-a-83-gcd0e7d8
     0 | D:1      | 0 ||| qw: Game counter: 1490
     0 | D:1      | 0 ||| qw: Melee chars always use a shield: true
     0 | D:1      | 0 ||| qw: God list: Okawaru
     0 | D:1      | 0 ||| qw: Allow faded altars: false
     0 | D:1      | 0 ||| qw: Do Orc after clearing Dungeon:15 true
     0 | D:1      | 0 ||| qw: Do second Lair branch before Depths: true
     0 | D:1      | 0 ||| qw: Lair rune preference: random
     0 | D:1      | 0 ||| qw: Goals: Normal
     0 | D:1      | 0 ||| PLANNING D:1-11
   172 | D:1      | Reached XP level 2. HP: 17/17 MP: 2/2
   429 | D:1      | Reached XP level 3. HP: 21/21 MP: 3/3
   583 | D:1      | 583 ||| UPGRADING to +0 helmet.
   588 | D:1      | 588 ||| READING scroll labelled HOTZEEH EMAR.
   589 | D:1      | 589 ||| READING 4 scrolls labelled OTOJEZ QUQUKHI.
   590 | D:1      | 590 ||| READING 3 scrolls of enchant weapon.
   590 | D:1      | 590 ||| ENCHANTING +1 shortbow.
   591 | D:1      | 591 ||| READING 2 scrolls of enchant weapon.
   591 | D:1      | 591 ||| ENCHANTING +2 shortbow.
   592 | D:1      | 592 ||| READING scroll of enchant weapon.
   592 | D:1      | 592 ||| ENCHANTING +3 shortbow.
   593 | D:1      | 593 ||| READING scroll labelled GOTALEHOYH.
   597 | D:1      | 597 ||| DRINKING 2 silvery potions.
   598 | D:1      | 598 ||| DRINKING 2 brown potions.
   599 | D:1      | 599 ||| DROPPING scroll of butterflies.
   634 | D:2      | Reached skill level 5 in Ranged Weapons
   812 | D:2      | Reached skill level 3 in Fighting
   846 | D:2      | Reached XP level 4. HP: 28/28 MP: 4/4
  1114 | D:2      | 1114 ||| UPGRADING to +0 ring mail.
  1124 | D:2      | 1124 ||| DROPPING +0 leather armour.
  1125 | D:2      | 1125 ||| UPGRADING to amulet of faith.
  1130 | D:2      | 1130 ||| READING scroll labelled ALEFACHU CEHAETS.
  1131 | D:2      | 1131 ||| READING scroll labelled NAOREI IMET.
  1132 | D:2      | 1132 ||| READING scroll labelled HIOZ OLECS.
  1133 | D:2      | 1133 ||| READING scroll labelled ZUTHRI KEUMOURE.
  1388 | D:3      | Found a bloodstained altar of Trog.
  1398 | D:3      | Reached skill level 1 in Armour
  1402 | D:3      | Noticed Terence
  1416 | D:3      | Killed Terence
  1466 | D:3      | Noticed an ice beast
  1477 | D:3      | Killed an ice beast
  1478 | D:3      | Reached skill level 6 in Ranged Weapons
  1478 | D:3      | Reached XP level 5. HP: 27/32 MP: 5/5
  1557 | D:3      | Found a burning altar of Makhleb.
  1729 | D:3      | 1729 ||| UPGRADING to +0 pair of boots.
  1770 | D:4      | Found a staircase to the Ecumenical Temple.
  1771 | D:4      | 1771 ||| PLANNING TEMPLE
  1779 | Temple   | Entered the Ecumenical Temple
  1780 | Temple   | 1780 ||| PLANNING OKAWARU WORSHIP
  1784 | Temple   | Became a worshipper of Warmaster Okawaru
  1785 | Temple   | 1785 ||| PLANNING D:1-11
  1825 | D:4      | Reached XP level 6. HP: 35/38 MP: 6/6
  2250 | D:4      | Noticed Robin
  2267 | D:4      | HP: 7/38 [goblin/+3 dagger of venom[Robin] (5)]
  2268 | D:4      | 2268 ||| DRINKING 3 potions of heal wounds.
  2270 | D:4      | Killed Robin
  2271 | D:4      | Reached skill level 7 in Ranged Weapons
  2395 | D:4      | Found a shadowy altar of Dithmenos.
  2605 | D:4      | Reached * piety under Okawaru
  2607 | D:4      | 2607 ||| INVOKING Heroism.
  2779 | D:4      | 2779 ||| UPGRADING to +1 helmet.
  2789 | D:4      | 2789 ||| DROPPING +0 helmet.
  2790 | D:4      | 2790 ||| READING scroll labelled OZIVAPAUSAA.
  2791 | D:4      | 2791 ||| READING 2 scrolls labelled IGITEID EROHAM.
  2792 | D:4      | 2792 ||| DRINKING 3 white potions.
  2793 | D:4      | 2793 ||| DRINKING 2 golden potions.
  2794 | D:4      | 2794 ||| DROPPING 2 potions of brilliance.
  2795 | D:4      | 2795 ||| DROPPING scroll of fear.
  2812 | D:5      | Entered Level 5 of the Dungeon
  2824 | D:5      | Reached XP level 7. HP: 39/43 MP: 7/7
  2828 | D:5      | 2828 ||| INVOKING Heroism.
  2899 | D:5      | Reached skill level 1 in Invocations
  3014 | D:5      | 3014 ||| INVOKING Heroism.
  3032 | D:5      | 3032 ||| INVOKING Heroism.
  3038 | D:5      | Reached skill level 3 in Invocations
  3097 | D:5      | Reached skill level 8 in Ranged Weapons
  3153 | D:5      | Found an ornate altar of the Wu Jian Council.
  3153 | D:5      | Found a glowing silver altar of Zin.
  3224 | D:5      | Reached ** piety under Okawaru
  3225 | D:5      | Reached XP level 8. HP: 48/48 MP: 9/11
  3259 | D:5      | 3259 ||| INVOKING Heroism.
  3464 | D:5      | 3464 ||| READING 2 scrolls labelled YLAZYRH IRGHEABB.
  3465 | D:5      | 3465 ||| READING scroll of brand weapon.
  3465 | D:5      | 3465 ||| BRANDING +4 shortbow of flaming.
  3466 | D:5      | 3466 ||| DRINKING 2 inky potions.
  3467 | D:5      | 3467 ||| READING 2 scrolls of identify.
  3467 | D:5      | 3467 ||| IDENTIFYING smoky grey potion
  3534 | D:6      | 3534 ||| FLEEEEING.
  3535 | D:6      | 3535 ||| FLEEEEING.
  3536 | D:6      | 3536 ||| FLEEEEING.
  3537 | D:6      | 3537 ||| FLEEEEING.
  3538 | D:6      | 3538 ||| FLEEEEING.
  3539 | D:6      | 3539 ||| FLEEEEING.
  3540 | D:6      | 3540 ||| FLEEEEING.
  3541 | D:6      | 3541 ||| FLEEEEING.
  3640 | D:6      | 3640 ||| INVOKING Heroism.
  3661 | D:6      | Found a blossoming altar of Fedhas.
  3717 | D:6      | 3717 ||| INVOKING Heroism.
  3720 | D:6      | Reached skill level 9 in Ranged Weapons
  3744 | D:6      | 3744 ||| INVOKING Heroism.
  3864 | D:6      | Reached skill level 6 in Fighting
  3881 | D:6      | 3881 ||| INVOKING Heroism.
  3884 | D:6      | Reached XP level 9. HP: 55/55 MP: 9/12
  3933 | D:6      | Found Hatt's Vocational Training.
  3941 | D:6      | Found Sezxor's Antique Armour Shoppe.
  3964 | D:6      | 3964 ||| BUYING cloak (112 gold).
  3964 | D:6      | Bought a cloak for 112 gold pieces
  3964 | D:6      | 3964 ||| BUYING pair of gloves (112 gold).
  3964 | D:6      | Bought a pair of gloves for 112 gold pieces
  4003 | D:6      | 4003 ||| READING scroll of enchant armour.
  4003 | D:6      | 4003 ||| ENCHANTING +1 helmet.
  4044 | D:6      | 4044 ||| RETREEAATING.
  4045 | D:6      | 4045 ||| STILL RETREEAATING.
  4046 | D:6      | 4046 ||| STILL RETREEAATING.
  4047 | D:6      | 4047 ||| Stepping ~*~*~tactically~*~*~ (retreating).
  4048 | D:6      | 4048 ||| Stepping ~*~*~tactically~*~*~ (retreating).
  4049 | D:6      | 4049 ||| Stepping ~*~*~tactically~*~*~ (retreating).
  4050 | D:6      | 4050 ||| Stepping ~*~*~tactically~*~*~ (retreating).
  4051 | D:6      | 4051 ||| Stepping ~*~*~tactically~*~*~ (retreating).
  4054 | D:6      | Reached skill level 10 in Ranged Weapons
  4059 | D:6      | 4059 ||| INVOKING Heroism.
  4246 | D:6      | 4246 ||| UPGRADING to +0 cloak.
  4251 | D:6      | 4251 ||| UPGRADING to +0 pair of gloves.
  4256 | D:6      | 4256 ||| READING 2 scrolls of identify.
  4256 | D:6      | 4256 ||| IDENTIFYING orange potion
  4277 | D:7      | Reached skill level 3 in Armour
  4350 | D:7      | 4350 ||| INVOKING Heroism.
  4401 | D:7      | Noticed a cyclops
  4402 | D:7      | 4402 ||| INVOKING Heroism.
  4407 | D:7      | Killed a cyclops
  4407 | D:7      | Reached *** piety under Okawaru
  4462 | D:7      | 4462 ||| FLEEEEING.
  4463 | D:7      | 4463 ||| FLEEEEING.
  4464 | D:7      | 4464 ||| FLEEEEING.
  4465 | D:7      | 4465 ||| FLEEEEING.
  4466 | D:7      | 4466 ||| FLEEEEING.
  4467 | D:7      | 4467 ||| FLEEEEING.
  4468 | D:7      | 4468 ||| FLEEEEING.
  4597 | D:7      | Noticed a hornet
  4605 | D:7      | 4605 ||| INVOKING Heroism.
  4611 | D:7      | HP: 13/59 [hornet (8)]
  4612 | D:7      | 4612 ||| READING scroll of teleportation.
  4613 | D:7      | 4613 ||| DRINKING 3 potions of heal wounds.
  4617 | D:7      | 4617 ||| FLEEEEING.
  4618 | D:7      | 4618 ||| STAIRDANCE
  4747 | D:6      | 4747 ||| READING scroll labelled UCAHAAXZAL.
  4854 | D:7      | 4854 ||| INVOKING Heroism.
  4858 | D:7      | Killed a hornet
  4859 | D:7      | 4859 ||| STAIRDANCE
  5354 | D:7      | 5354 ||| SWAPPING to +0 orcbow.
  5359 | D:7      | 5359 ||| DROPPING +4 shortbow of freezing.
  5401 | D:7      | 5401 ||| DROPPING +2 helmet.
  5533 | D:8      | Reached XP level 10. HP: 64/64 MP: 13/13
  5643 | D:8      | Reached skill level 11 in Ranged Weapons
  5687 | D:8      | Found an ancient bone altar of Kikubaaqudgha.
  5698 | D:8      | 5698 ||| Stepping ~*~*~tactically~*~*~ (retreating).
  5700 | D:8      | 5700 ||| Stepping ~*~*~tactically~*~*~ (retreating).
  5701 | D:8      | 5701 ||| Stepping ~*~*~tactically~*~*~ (retreating).
  5702 | D:8      | 5702 ||| Stepping ~*~*~tactically~*~*~ (retreating).
  5706 | D:8      | 5706 ||| Stepping ~*~*~tactically~*~*~ (retreating).
  5712 | D:8      | Reached skill level 3 in Dodging
  5724 | D:8      | Reached **** piety under Okawaru
  5828 | D:8      | Found a hide-covered altar of Uskayaw.
  5892 | D:8      | 5892 ||| INVOKING Heroism.
  5923 | D:8      | 5923 ||| INVOKING Heroism.
  5928 | D:8      | HP: 16/64 [something (3)]
  5929 | D:8      | 5929 ||| DRINKING 2 potions of heal wounds.
  5930 | D:8      | 5930 ||| DRINKING potion of curing.
  5930 | D:8      | 5930 ||| (to cure confusion)
  6426 | D:9      | 6426 ||| INVOKING Heroism.
  6449 | D:9      | Reached skill level 12 in Ranged Weapons
  6452 | D:9      | 6452 ||| INVOKING Heroism.
  6460 | D:9      | Reached skill level 6 in Invocations
  6465 | D:9      | 6465 ||| FLEEEEING.
  6466 | D:9      | 6466 ||| FLEEEEING.
  6467 | D:9      | 6467 ||| FLEEEEING.
  6468 | D:9      | 6468 ||| FLEEEEING.
  6469 | D:9      | 6469 ||| FLEEEEING.
  6470 | D:9      | 6470 ||| FLEEEEING.
  6471 | D:9      | 6471 ||| FLEEEEING.
  6472 | D:9      | 6472 ||| FLEEEEING.
  6473 | D:9      | 6473 ||| FLEEEEING.
  6474 | D:9      | 6474 ||| FLEEEEING.
  6475 | D:9      | 6475 ||| FLEEEEING.
  6476 | D:9      | 6476 ||| FLEEEEING.
  6477 | D:9      | 6477 ||| FLEEEEING.
  6478 | D:9      | 6478 ||| FLEEEEING.
  6479 | D:9      | 6479 ||| FLEEEEING.
  6480 | D:9      | 6480 ||| FLEEEEING.
  6481 | D:9      | 6481 ||| FLEEEEING.
  6482 | D:9      | 6482 ||| FLEEEEING.
  6483 | D:9      | 6483 ||| STAIRDANCE
  6606 | D:9      | 6606 ||| STAIRDANCE
  6736 | D:9      | Found a snail-covered altar of Cheibriados.
  6866 | D:9      | 6866 ||| INVOKING Heroism.
  7036 | D:9      | Noticed Harold
  7036 | D:9      | 7036 ||| RETREEAATING.
  7037 | D:9      | 7037 ||| STILL RETREEAATING.
  7038 | D:9      | 7038 ||| STILL RETREEAATING.
  7044 | D:9      | 7044 ||| INVOKING Heroism.
  7056 | D:9      | HP: 12/64 [Harold/+3 dire flail of protection (16)]
  7057 | D:9      | 7057 ||| DRINKING potion of heal wounds.
  7071 | D:9      | HP: 16/64 [Harold/+3 dire flail of protection (9)]
  7075 | D:9      | 7075 ||| INVOKING Heroism.
  7080 | D:9      | HP: 16/64 [Harold/+3 dire flail of protection (3)]
  7083 | D:9      | HP: 3/64 [Harold/+3 dire flail of protection (13)]
  7084 | D:9      | Killed Harold
  7084 | D:9      | Slain by a killer bee

Levels and vault maps discovered:
D:1:      beargit_arrival_greenhouse, layout_loops_cross
D:2:      layout_basic, corexii_hall_statues_x
D:3:      layout_basic, mainiacjoe_overflow_brackets, trog_three_pillars_becter,
          uniq_terence
D:4:      layout_loops_corners, mainiacjoe_overflow_tiny_flanked,
          minmay_temple_entry_gardened_gates, minmay_misc_feat_nine_boxes,
          kennysheep_generic_room_12, uniq_robin
D:5:      layout_gridville, gammafunk_temple_overflow_statue,
          minmay_misc_feat_hallway
D:6:      layout_cave_pools, mainiacjoe_overflow_small_starburst, serial_shops,
          shop, nicolae_shop_vocational
D:7:      layout_cave_pods, minmay_fractal_squares_gapless_5
D:8:      layout_gridville, nicolae_kikubaaqudgha_miasma_corner,
          nicolae_uskayaw_dance_studio
D:9:      layout_loops_cross, kennysheep_mini, cheibrodos_worm_habitat,
          uniq_harold
Temple:   nicolae_temple_ecumenical_triangle

Skill      XL: |  1  2  3  4  5  6  7  8  9 10 |
---------------+-------------------------------+-----
Ranged Weapons | 5 6 7 8 9 10 12 | 12.1
Fighting       | 3 4 6 8 |  8.0
Armour         | 1 2 4 5 |  5.1
Invocations    | 4 6 |  6.7
Dodging        | 2 3 |  3.0
Stealth        | |  1.1

Action                     |  1- 3 |  4- 6 |  7- 9 | 10-12 || total
---------------------------+-------+-------+-------+-------++-------
   Fire: Shortbow          |    93 |   137 |   270 |       ||   500
         Orcbow            |       |       |    17 |   314 ||   331
 Invoke: Heroism           |       |     1 |    13 |     7 ||    21
    Use: Scroll            |     6 |     6 |     7 |       ||    19
         Potion            |     2 |     3 |     2 |     3 ||    10
 Armour: Leather armour    |    31 |       |       |       ||    31
         Ring mail         |       |    62 |   107 |   163 ||   332
  Dodge: Dodged            |    20 |    51 |    67 |   117 ||   255

Table legend:
 A = Non-vault XP
 B = Vault XP
 C = Vault XP percentage of total XP
 D = Non-vault monster count
 E = Vault monster count
 F = Vault count percentage of total count
                 A         B        C        D         E       F
            +---------+---------+-------+---------+---------+-------
      Total |    7923 |    1506 |  16.0 |     172 |      25 |  12.7
            +---------+---------+-------+---------+---------+-------
        D:1 |      37 |       0 |   0.0 |      21 |       0 |   0.0
        D:2 |      58 |       0 |   0.0 |      20 |       0 |   0.0
        D:3 |     146 |      36 |  19.8 |       8 |       1 |  11.1
        D:4 |     203 |     118 |  36.8 |      16 |      14 |  46.7
        D:5 |    1005 |       0 |   0.0 |      21 |       0 |   0.0
        D:6 |    1300 |       0 |   0.0 |      32 |       0 |   0.0
        D:7 |    1358 |     361 |  21.0 |       9 |       3 |  25.0
        D:8 |    1419 |     105 |   6.9 |      28 |       5 |  15.2
        D:9 |    2397 |     886 |  27.0 |      17 |       2 |  10.5
            +---------+---------+-------+---------+---------+-------
